 Dungeon Crawl Stone Soup version 0.20-a0-681-gf83e07f (webtiles) character file.

33 Alarkh the Slasher (level 3, 11/27 HPs)
             Began as a Demonspawn Skald on Feb 18, 2017.
             Got out of the dungeon alive.
             The game lasted 00:00:48 (772 turns).

Alarkh the Slasher (Demonspawn Skald)                Turns: 772, Time: 00:00:50

Health: 11/27      AC:  3    Str: 11    XL:     3   Next: 12%
Magic:  6/6        EV: 11    Int: 15    God:
Gold:   49         SH:  0    Dex: 12    Spells: 5/6 levels left

rFire    + . .     SeeInvis .   a - +0 falchion
rCold    . . .     Gourm    .   b - +0 leather armour
rNeg     . . .     Faith    .   (no shield)
rPois    .         Spirit   .   (no helmet)
rElec    .         Reflect  .   (no cloak)
rCorr    .         Harm     .   (no gloves)
MR       .....                  (no boots)
Stlth    +.........             (no amulet)
Regen    0.1/turn               (no ring)
MPRegen  0.1/turn               (no ring)

@: no status effects
A: fire resistance 1, powered by pain 1
a: no special abilities


You escaped.
You were not hungry.

You visited 1 branch of the dungeon, and saw 2 of its levels.

You collected 49 gold pieces.

Inventory:

Hand Weapons
 a - a +0 falchion (weapon)
Armour
 b - a +0 leather armour (worn)
Scrolls
 e - 2 scrolls of identify {unknown}
 h - a scroll of noise {unknown}
 i - a scroll of enchant weapon {unknown}
 k - 2 scrolls of random uselessness {unknown}
 m - a scroll of immolation {unknown}
Potions
 n - 2 potions of cancellation
Books
 c - a book of Battle

   Spells                             Type                      Level
   a - Infusion                       Charms                       1
   b - Shroud of Golubria             Charms/Translocation         2
   c - Song of Slaying                Charms                       2
   d - Spectral Weapon                Hexes/Charms                 3
   e - Regeneration                   Charms/Necromancy            3
Comestibles
 d - 2 bread rations
 f - 2 meat rations
 j - a royal jelly
 l - 8 chunks of flesh


   Skills:
 - Level 2.0 Fighting
 + Level 3.2 Long Blades
 - Level 0.8 Armour
 - Level 1.7 Dodging
 - Level 2.0 Spellcasting
 - Level 2.6 Charms


You had 5 spell levels left.
You knew the following spells:

 Your Spells              Type           Power        Failure   Level  Hunger
a - Infusion              Chrm           #...         12%         1    #......


Dungeon Overview and Level Annotations

Branches:
Dungeon (2/15)

Altars:


Innate Abilities, Weirdness & Mutations

Your flesh is heat resistant. (rF+)
You sometimes gain a little power by taking damage.


Message History

You feel sick.
You feel sick.
You feel sick.
You feel sick.
You feel sick.
You feel sick.
There is a stone staircase leading up here.
You feel sick.
You climb upwards.
There is a stone staircase leading down here.
You feel sick.
You feel sick.
You feel sick.
There is an open door here.
You feel sick.
You are no longer poisoned.
Magic restored.
There is a staircase leading out of the dungeon here.
Are you sure you want to leave the Dungeon?
This will make you lose the game!
You have escaped!

#.# #..... #.# #####
###### #.# ##...## ######
#.# ##.....## #....# #.#
##.......## #....#
#.###.(.......## #....#
#.##....≈≈≈....## #....#
#.#....≈...≈....###....#
#......≈.@.≈......#....###
###....≈...≈....#......'..
##....≈≈≈....####....###
##.........## #....###
##.......## ###..(.#
##.....## ####.# ##...##
#.# ##### #.. ###


There were no monsters in sight!

Vanquished Creatures
  An adder (D:2)
  A dart slug (D:1)
  2 hobgoblins (D:1)
  3 jackals (D:1)
  A ball python (D:1)
  4 bats (D:1)
  A frilled lizard (D:1)
  2 goblins (D:1)
  3 kobolds (D:1)
  3 rats (D:1)
21 creatures vanquished.

Notes
Turn   | Place    | Note
-------+----------+-------------------------------------------
     0 | D:1      | Alarkh the Demonspawn Skald began the quest for the Orb.
     0 | D:1      | Reached XP level 1. HP: 16/16 MP: 3/3
    41 | D:1      | Reached skill level 2 in Long Blades
    76 | D:1      | Gained mutation: Your flesh is heat resistant. (rF+) [demonic ancestry]
    76 | D:1      | Reached XP level 2. HP: 9/22 MP: 1/5
   592 | D:1      | Reached skill level 3 in Long Blades
   725 | D:2      | Gained mutation: You sometimes gain a little power by taking damage. [demonic ancestry]
   725 | D:2      | Reached XP level 3. HP: 5/27 MP: 2/6
   772 | D:$      | Got out of the dungeon alive.

Vault maps used:
D:1:      enne_arrival_octagon_isle
D:2:      chequers_ecumenical_altar_simple, hangedman_glass_garden

Skill      XL: |  1  2 |
---------------+-------+-----
Long Blades    | 2 3 |  3.2
Fighting       | |  2.0
Armour         | |  0.8
Dodging        | |  1.7
Spellcasting   | |  2.0
Charms         | |  2.6

Action                   || total
-------------------------++-------
Melee: Falchion          ||    59
 Cast: Infusion          ||     4
  Use: Potion            ||     2
Armor: Leather armour    ||    21
Dodge: Dodged            ||    40
       Rpst.: Falchion   ||     8
